 Dungeon Crawl Stone Soup version 0.19-a0-1714-gcab94ab (webtiles) character file.

1239 Vasilisck the Sneak (level 8, 0/54 HPs)
             Began as an Octopode Assassin on Sept 28, 2016.
             Slain by Pikel
             ... wielding a +2 whip of flaming
              (1 damage)
             ... on level 5 of the Dungeon.
             The game lasted 00:12:23 (5462 turns).

Vasilisck the Sneak (Octopode Assassin)             Turns: 5462, Time: 00:12:26

Health: 0/54       AC:  2    Str: 13      XL:     8   Next: 49%
Magic:  8/8        EV: 16    Int: 12 (13) God:
Gold:   173        SH:  0    Dex: 14 (15) Spells: 0 memorised, 7 levels left

rFire  . . .     SeeInvis .     a - +2 dagger
rCold  . . .     Gourm    .     (no shield)
rNeg   . . .     Faith    .     (helmet restricted)
rPois  .         Spirit   .     (no amulet)
rElec  .         Dismiss  .     u - +2 ring of strength
rCorr  .         Reflect  .     (no ring)
MR     .....     Harm     .     (no ring)
Stlth  +++++.....               (no ring)
                                (no ring)
                                (no ring)
                                (no ring)
                                (no ring)

@: no status effects
A: almost no armour, stealthy swim, amphibious, 8 rings, constrict 8, tentacle
spike 1, camouflage 1, deterioration 1, gelatinous body 1
a: no special abilities


You were on level 5 of the Dungeon.
You were not hungry.

You visited 2 branches of the dungeon, and saw 6 of its levels.

You collected 173 gold pieces.

Inventory:

Hand Weapons
 a - a +2 dagger (weapon)
 b - a +0 blowgun
Missiles
 c - 18 poisoned needles
 d - 6 curare-tipped needles
Armour
 q - a +0 cloak
Jewellery
 u - a +2 ring of strength (left tentacle)
Scrolls
 g - a scroll of torment {unknown}
 h - 6 scrolls of teleportation
 j - 4 scrolls of remove curse
 k - a scroll of immolation
 l - a scroll of fog
 y - a scroll of recharging
Potions
 e - a potion of invisibility
 i - a potion of lignification
 v - a potion of ambrosia
 w - a potion of agility
Books
 x - a book of Summonings

   Spells                             Type                      Level
   a - Recall                         Summoning/Translocation      3
   b - Aura of Abjuration             Summoning                    5
   c - Summon Demon                   Summoning                    5
   d - Summon Forest                  Summoning/Translocation      5
   e - Summon Mana Viper              Hexes/Summoning              5
   f - Shadow Creatures               Summoning                    6
Comestibles
 f - 3 bread rations
 m - 3 fruits
 p - a slice of pizza
 s - 2 meat rations


   Skills:
 + Level 3.7 Fighting
 + Level 3.8 Short Blades
 - Level 6.1 Throwing
 - Level 6.0 Dodging
 - Level 6.3 Stealth


You had 7 spell levels left.
You didn't know any spells.

Dungeon Overview and Level Annotations

Branches:
Dungeon (5/15)             Temple (1/1) D:4

Altars:
Ashenzari
Dithmenos
Elyvilon
Fedhas
Gozag
Hepliaklqana
Kikubaaqudgha
Makhleb
Nemelex Xobeh
Okawaru
Ru
Sif Muna
Trog
Xom
Zin

Shops:
D:4 *

Annotations:
D:5 Pikel, Sigmund


Innate Abilities, Weirdness & Mutations

You cannot wear most types of armour.
You are very stealthy in the water.
You are amphibious.
You can wear up to eight rings at the same time.
You can use your tentacles to constrict eight enemies at once.
Your skin changes colour to match your surroundings (Stealth+).
Your rubbery body absorbs attacks. (AC +1, EV +1)
One of your tentacles bears a spike.
Your body sometimes deteriorates upon taking damage.


Message History

Things that are here:
a dagger; a robe; the elf corpse of Dowan You see here a curare-tipped needle.
d - 6 curare-tipped needles (gained 1)
The slave is no longer moving slowly.
Things that are here:
a rapier of venom; a leather armour You are too injured to fight recklessly!
Pikel looks more healthy.
Pikel hits you with a whip of flaming.
* * * LOW HITPOINT WARNING * * *
Pikel burns you.
* * * LOW HITPOINT WARNING * * *
You closely miss Pikel. You grab Pikel.
Pikel is severely wounded.
You constrict Pikel, but do no damage. Pikel hits you with a whip of flaming!
* * * LOW HITPOINT WARNING * * *
Your body deteriorates!
You feel clumsy. Pikel burns you.
You die...

#.#.#(# #........## ##.
##.###p# #.#.....## ##
#......# #.##...## #
#..##### #.###'## #
###..## #.# #.# ##
#...p.######.###.######
#.
#.#..........#........#
#.
#.#.#)########....###.#
#. #
#....)pK@..#.....##.# #.
###.######.#....###.####.
...# ##.#.#...........
##### #.......###.#####
##.#.#.## #.#
###.#.####.# #........#
###.###### #.#


You could see Pikel and a slave.

Vanquished Creatures
  The ghost of epen the Poker, a novice FoMo (D:4)
  Duvessa (D:5)
  2 slaves (D:5)
  A sky beast (D:4)
  A bullfrog (D:4)
  Dowan (D:5)
  A vampire bat (D:4)
  2 hounds (D:4)
  2 orc wizards (D:3)
  6 worker ants (D:4)
  A hound skeleton (D:4)
  4 gnolls (D:3)
  7 adders
  A shadow imp (D:4)
  An ooze (D:2)
  An adder skeleton (D:4)
  2 worms
  3 leopard geckos
  13 orcs
  A ball python (D:4)
  7 bats
  2 bat skeletons (D:4)
  2 bat zombies (D:4)
  5 giant cockroaches
  5 goblins
  9 hobgoblins
  6 jackals (D:4)
  4 kobolds
  3 quokkas (D:4)
  3 frilled lizards (D:1)
  A jackal skeleton (D:5)
  A leopard gecko skeleton (D:4)
  11 rats
111 creatures vanquished.

Notes
Turn   | Place    | Note
-------+----------+-------------------------------------------
     0 | D:1      | Vasilisck the Octopode Assassin began the quest for the Orb.
     0 | D:1      | Reached XP level 1. HP: 14/14 MP: 1/1
   165 | D:1      | Reached XP level 2. HP: 14/19 MP: 2/2
   653 | D:2      | Reached XP level 3. HP: 25/25 MP: 3/3
  1248 | D:2      | Found a shimmering altar of Xom.
  1248 | D:2      | Found a shimmering altar of Xom.
  1249 | D:2      | Found a shimmering altar of Xom.
  1249 | D:2      | Found a shimmering altar of Xom.
  1251 | D:2      | Found a shimmering altar of Xom.
  1342 | D:2      | Reached XP level 4. HP: 24/30 MP: 4/4
  2084 | D:3      | Reached XP level 5. HP: 36/36 MP: 5/5
  2708 | D:3      | Reached XP level 6. HP: 29/42 MP: 6/6
  2897 | D:3      | Found a burning altar of Makhleb.
  2897 | D:3      | Noticed a cacodemon
  3315 | D:4      | Noticed a sky beast
  3317 | D:4      | Killed a sky beast
  3339 | D:4      | Reached skill level 5 in Dodging
  3701 | D:4      | Reached XP level 7. HP: 46/46 MP: 7/7
  3765 | D:4      | Noticed epen's ghost (novice FoMo)
  3787 | D:4      | Found a shattered altar of Ashenzari.
  3824 | D:4      | Found an opulent altar of Gozag.
  3832 | D:4      | Found Gozag's Platinum Reserve.
  3926 | D:4      | Found an ancient bone altar of Kikubaaqudgha.
  4001 | D:4      | Gained mutation: Your body sometimes deteriorates upon taking damage. [potion of mutation]
  4001 | D:4      | Gained mutation: One of your tentacles bears a spike. [potion of mutation]
  4226 | D:4      | Found a staircase to the Ecumenical Temple.
  4318 | Temple   | Entered the Ecumenical Temple
  4423 | D:5      | Entered Level 5 of the Dungeon
  4546 | D:4      | Killed epen's ghost
  4546 | D:4      | Reached XP level 8. HP: 27/52 MP: 8/8
  4925 | D:5      | Noticed Sigmund
  5351 | D:5      | Noticed Duvessa
  5355 | D:5      | Noticed Dowan
  5364 | D:5      | Killed Duvessa
  5379 | D:5      | Killed Dowan
  5408 | D:5      | Noticed Pikel
  5462 | D:5      | HP: 1/54 [Pikel/whip of flaming (9)]
  5462 | D:5      | Slain by Pikel

Vault maps used:
D:1:      moated_graveyard_arrival, serial_park_tiny_pond
D:2:      xom_redecorated
D:3:      makhleb_altar_promises_db
D:4:      kennysheep_vampire_church, nicolae_gozag_zags_fifth_avenue,
          ashenzari_conservatory_becter, first_bread
D:5:      uniq_pikel, uniq_sigmund, uniq_duvessa
Temple:   compressed_dpeg_circular_temple

Skill      XL: |  1  2  3  4  5  6  7 |
---------------+----------------------+-----
Stealth        | 6 |  6.3
Dodging        | 2 3 5 6 |  6.0
Fighting       | 3 |  3.7
Short Blades   | 3 |  3.8
Throwing       | 6 |  6.1

Action                   |  1- 3 |  4- 6 |  7- 9 || total
-------------------------+-------+-------+-------++-------
Melee: Dagger            |    46 |   126 |    91 ||   263
       Constrict         |     7 |    33 |    15 ||    55
       Tentacles         |     6 |    27 |    26 ||    59
       Kick              |       |       |    22 ||    22
 Fire: Blowgun           |       |     5 |     4 ||     9
  Use: Scroll            |       |       |    14 ||    14
       Potion            |       |       |     5 ||     5
 Stab: Sleeping          |    16 |    15 |     8 ||    39
  Eat: Chunk             |     1 |     5 |     2 ||     8
       Royal jelly       |       |     1 |       ||     1
       Meat ration       |       |       |     1 ||     1
Armor: Skin              |     1 |    19 |    18 ||    38
Dodge: Dodged            |    13 |    99 |    91 ||   203
